 Seeded DCSS version 0.29-a0-364-g921d912d32 (webtiles) character file.

Game seed: 20220501 (custom seed)

9646 a11behringer the Cleaver (level 11, 0/89 HPs)
             Began as a Palentonga Berserker on May 1, 2022.
             Was a High Priest of Trog.
             Slain by Snorg (15 damage)
             ... on level 10 of the Dungeon.
             The game lasted 00:28:17 (13266 turns).

a11behringer the Cleaver (Palentonga Berserker)    Turns: 13266, Time: 00:28:17

Health: 0/89       AC: 23    Str: 27    XL:     11   Next: 25%
Magic:  0/20       EV:  8    Int:  8    God:    Trog [*****.]
Gold:   787        SH:  0    Dex: 12    Spells: 10/10 levels left

rFire   + . .      SeeInvis +   r - +9 executioner's axe "Cameomur" {flame, rN+ Str+2 Dex+3}
rCold   . . .      Faith    .   (shield currently unavailable)
rNeg    + . .      Spirit   +   C - +3 leather armour
rPois   .          Reflect  .   (no helmet)
rElec   .          Harm     .   o - +0 cloak
rCorr   .          Rampage  .   (no gloves)
Will    .....                   F - +2 barding
Stlth   +.........              w - amulet of guardian spirit
HPRegen 0.24/turn               L - ring of protection from fire
MPRegen 0.17/turn               I - ring of magical power

@: curled up
A: large, rugged brown scales 3, see invisible, deformed body, roll 1, armoured
tail, reflexive curl
a: Rolling Charge, Renounce Religion, Berserk, Trog's Hand, Brothers in Arms


You were on level 10 of the Dungeon.
You worshipped Trog.
Trog was extremely pleased with you.
You visited 1 branch of the dungeon, and saw 10 of its levels.
You also visited: Sewer and Ossuary.

You collected 1164 gold pieces.
You spent 377 gold pieces at shops.

Inventory:

Hand Weapons
 a - a +0 hand axe
 g - a +0 hunting sling of flaming
 r - the +9 executioner's axe "Cameomur" (weapon) {flame, rN+ Str+2 Dex+3}
   (You acquired it on level 8 of the Dungeon)

   It burns those it strikes, dealing additional fire damage.
   Big, fiery blades are also staple armaments of hydra-hunters.
   Str:       It affects your strength (+2).
   Dex:       It affects your dexterity (+3).
   rN:        It protects you from negative energy.
 v - a +3 scythe
 D - a +2 vorpal war axe
 P - a +0 battleaxe
 V - a +0 shortbow
 W - a +3 shortbow
Missiles
 f - a throwing net
Armour
 b - a +0 animal skin
 k - a +0 scale mail
 m - a +0 buckler
 o - a +0 cloak (worn)
 y - a +1 leather armour of poison resistance
 C - a +3 leather armour (worn)
 F - a +2 barding (worn)
 O - a +2 helmet
 Q - a +0 plate armour
Jewellery
 w - an amulet of guardian spirit (around neck)
 I - a ring of magical power (right hand)
 L - a ring of protection from fire (left hand)
Wands
 q - a wand of polymorph (26)
 t - a wand of flame (34)
Scrolls
 h - 5 scrolls of fear
 i - a scroll of summoning
 j - a scroll of silence
 s - a scroll of amnesia
 x - 2 scrolls of identify
 z - a scroll of brand weapon
 G - 3 scrolls of enchant weapon
 J - 3 scrolls of enchant armour
 K - 2 scrolls of teleportation
 N - a scroll of vulnerability {unknown}
 S - 2 scrolls of blinking
Potions
 c - 5 potions of curing
 d - a potion of cancellation
 e - 5 potions of heal wounds
 l - 6 potions of degeneration
 n - 2 potions of mutation
 p - 3 potions of resistance
 u - a potion of might {unknown}
 A - a potion of lignification {unknown}
 B - 4 potions of flight
 E - a potion of brilliance
 H - a potion of haste {unknown}
 M - 9 potions of ambrosia
 R - a potion of magic {unknown}
 U - a potion of berserk rage {unknown}
Miscellaneous
 T - a piece from Xom's chessboard (15/15)


   Skills:
 + Level 7.3 Fighting
 * Level 14.7 Axes
 + Level 4.6 Armour
 + Level 4.1 Dodging
 * Level 2.1 Evocations


You had 10 spell levels left.
You didn't know any spells.
Your spell library was empty.

Dungeon Overview and Level Annotations

Branches:
Dungeon (10/15)            Temple (0/1) D:4           Sewer (visited)
Ossuary (visited)
   Lair: D:8-11         Orc: D:9-12

Altars:
Uskayaw

Shops:
D:2 ?   D:4 (

Annotations:
D:10 Snorg


Innate Abilities, Weirdness & Mutations

You are completely covered in rugged brown scales. (AC +3, +7% HP)
You have supernaturally acute eyesight. (SInv)
Armour fits poorly on your strangely shaped body.
You can roll at nearby foes to attack.
You have a long armoured tail.
You curl defensively after being hit. (AC +7*)


Message History

You hit the yak. You burn the yak.
The yak is lightly wounded.
The yak gores you but does no damage.
You slice the yak!! You burn the yak.
The yak is severely wounded.
The yak gores you but does no damage.
You carve the yak like a ham!!! You burn the yak.
You kill the yak!
Trog accepts your kill.
You slice the yak!! You burn the yak!
Your tail-slap misses the yak.
The yak is almost dead.
The yak gores you but does no damage.
Snorg goes berserk!
You slice the yak!! You burn the yak.
You kill the yak!
Trog accepts your kill. Snorg closely misses you. Snorg claws you.
Snorg barely misses you.
You cut Snorg into ribbons!!! You burn Snorg.
Snorg is moderately wounded.
Snorg barely misses you. Snorg claws you! Snorg claws you but does no damage.
Snorg bites you. Snorg claws you but does no damage. Snorg claws you!
You slash Snorg! You burn Snorg! You tail-slap Snorg, but do no damage.
Snorg is heavily wounded.
Snorg bites you but does no damage. Snorg claws you! x2; Snorg bites you!
Snorg claws you but does no damage. Snorg claws you!
* * * LOW HITPOINT WARNING * * *
You are too injured to fight recklessly!
You are too injured to fight recklessly!
You feel much better. Snorg bites you!! Snorg claws you but does no damage.
Snorg claws you!
* * * LOW HITPOINT WARNING * * *
Blink to where?
Press: ? - help, Q - select action, (/) - cycle Dir - move target
As you read the scroll of blinking, it crumbles to dust.
Snorg rages.
Snorg bites you. Snorg claws you!
* * * LOW HITPOINT WARNING * * *
Snorg completely misses you.
There is a stone staircase leading down here.
Snorg closely misses you. Snorg claws you!
You die...

#.# ..+ #.# #.#
#.# #.#
..#########.# .
.......>@...#
....#.###T###.#
....# #.# #.#
......###Y# #.#
#.Y§..###.#
.$....#####...#
#.... #.#####
#.## #.# #<# #
#.###.#


You could see Snorg (berserk) and a yak.

Vanquished Creatures
  A two-headed ogre (D:9)
  An efreet (D:7)
  A queen bee (D:9)
  A hornet (D:8)
  Sigmund (D:6)
  25 yaks
  3 vampire mosquitoes
  A water moccasin (D:8)
  3 orc warriors
  An ice beast (D:4)
  2 sky beasts
  3 ogres
  2 centaurs (D:9)
  A gnoll sergeant (D:7)
  A bullfrog (Sewer)
  3 elf zombies (Ossuary)
  2 scorpions
  A necrophage (D:4)
  3 wights (D:8)
  29 killer bees
  5 howler monkeys
  5 hounds
  A centaur zombie (Ossuary)
  A human zombie (Ossuary)
  8 orc priests
  An iguana (D:6)
  6 orc wizards
  2 mummies (Ossuary)
  18 adders
  11 gnolls
  A shadow imp (D:7)
  4 white imps
  2 ufetubi
  An adder zombie (Ossuary)
  2 worms
  A dart slug (D:1)
  30 orcs
  4 bats
  12 endoplasms
  12 giant cockroaches
  3 goblins
  3 hobgoblins
  10 quokkas
  8 ball pythons
  6 frilled lizards
  3 goblin zombies (Ossuary)
  12 hobgoblin zombies (Ossuary)
  A jackal zombie (Ossuary)
  6 kobolds
  5 kobold zombies (Ossuary)
  8 orc zombies (Ossuary)
  5 rats
  2 rat zombies (Ossuary)
284 creatures vanquished.

Vanquished Creatures (others)
  4 fungi (D:6)
4 creatures vanquished.

Grand Total: 288 creatures vanquished

Notes
Turn   | Place    | Note
-------+----------+-------------------------------------------
     0 | D:1      | a11behringer the Palentonga Berserker began the quest for
                  | the Orb.
     0 | D:1      | Reached XP level 1. HP: 19/19 MP: 1/1
   530 | D:1      | Found a faded altar of an unknown god.
   583 | D:1      | Reached XP level 2. HP: 23/25 MP: 2/2
  1535 | D:2      | Reached XP level 3. HP: 14/31 MP: 3/3
  1821 | D:2      | Found Moqerghio's Magic Scroll Shoppe.
  1881 | D:2      | Reached skill level 4 in Axes
  2377 | D:2      | Reached XP level 4. HP: 37/37 MP: 4/4
  2950 | D:3      | Reached ** piety under Trog
  3308 | D:4      | Found Nolar's Weapon Shoppe.
  3340 | D:4      | Reached skill level 5 in Axes
  3340 | D:4      | Reached XP level 5. HP: 43/43 MP: 5/5
  3721 | D:4      | Found a glowing drain.
  3730 | D:4      | Reached XP level 6. HP: 26/50 MP: 6/6
  3735 | Sewer    | Entered a sewer
  4054 | Sewer    | Reached skill level 6 in Axes
  4199 | Sewer    | Reached *** piety under Trog
  4985 | D:4      | Noticed an ice beast
  5009 | D:4      | Killed an ice beast
  5421 | D:4      | Reached skill level 7 in Axes
  5421 | D:4      | Gained mutation: You curl defensively after being hit. (AC
                  | +7*) [Palentonga growth]
  5421 | D:4      | Reached XP level 7. HP: 32/54 MP: 7/7
  5801 | D:4      | Found a staircase to the Ecumenical Temple.
  5930 | D:4      | Bought a +0 vorpal war axe for 86 gold pieces
  5937 | D:5      | Entered Level 5 of the Dungeon
  6364 | D:5      | Noticed a +0 dagger
  6365 | D:5      | Found a hide-covered altar of Uskayaw.
  6365 | D:5      | Noticed a +0 dagger
  6897 | D:6      | Reached skill level 8 in Axes
  7047 | D:6      | Noticed Sigmund
  7052 | D:6      | Killed Sigmund
  7053 | D:6      | Reached XP level 8. HP: 63/64 MP: 8/8
  7512 | D:6      | Reached skill level 9 in Axes
  8226 | D:7      | Reached skill level 5 in Fighting
  8515 | D:7      | Found a sand-covered staircase.
  8528 | Ossuary  | Entered an ossuary
  8573 | Ossuary  | Reached **** piety under Trog
  8636 | Ossuary  | Reached skill level 10 in Axes
  8640 | Ossuary  | Reached XP level 9. HP: 72/72 MP: 9/9
  8963 | D:7      | Noticed an efreet
  8969 | D:7      | Killed an efreet
  9495 | D:8      | Reached skill level 11 in Axes
  9554 | D:8      | Paralysed by a hornet for 1 turns
  9858 | D:8      | Reached skill level 12 in Axes
 10021 | D:8      | Identified 2 scrolls of acquirement
 10022 | D:8      | Acquired 756 gold pieces
 10023 | D:8      | Acquired the +9 executioner's axe "Cameomur" {flame, rN+
                  | Str+2 Dex+3}
 10277 | D:2      | Bought a scroll of enchant weapon for 97 gold pieces
 10277 | D:2      | Bought a scroll of fear for 45 gold pieces
 10277 | D:2      | Bought a scroll of enchant weapon for 97 gold pieces
 10277 | D:2      | Bought a scroll of identify for 26 gold pieces
 10277 | D:2      | Bought a scroll of identify for 26 gold pieces
 10637 | D:8      | Reached XP level 10. HP: 71/81 MP: 10/10
 11256 | D:8      | Reached skill level 13 in Axes
 12223 | D:9      | Reached skill level 1 in Evocations
 12231 | D:9      | Reached ***** piety under Trog
 12232 | D:9      | Reached skill level 14 in Axes
 12587 | D:9      | Noticed a two-headed ogre
 12596 | D:9      | Reached XP level 11. HP: 88/89 MP: 11/11
 12600 | D:9      | Killed a two-headed ogre
 13021 | D:10     | Entered Level 10 of the Dungeon
 13251 | D:10     | Noticed Snorg
 13266 | D:10     | Slain by Snorg

Illustrated notes

Levels and vault maps discovered:
D:1:      tarquinn_simple_flora_water_b, layout_loops_ring,
          dreamdust_ecumenical_altar_statues, serial_forest,
          infiniplex_forest_straight_3, infiniplex_forest_corner_1,
          infiniplex_forest_lined_4_way, infiniplex_forest_clump_small,
          infiniplex_forest_straight_2, infiniplex_forest_clump_small,
          infiniplex_forest_clump_tiny
D:2:      layout_rooms, serial_shops, nicolae_shop_advertising_works
          [nicolae_subvault_shop_adworks]
D:3:      layout_loops_ring, minmay_fractal_squares_gapless_5
D:4:      layout_loops_cross, minmay_temple_entry_nine_rooms, serial_shops,
          shop, gup_sewer_entry_bubbles, serial_co_window_serial,
          co_window_corner_a, co_window_paths_b, co_window_paths_a,
          co_window_paths_b, co_window_paths_a, co_window_2corner,
          co_window_corner_b, co_window_corner_b, co_window_paths_c,
          co_window_cross_2, co_window_corner_b, co_window_corner_b,
          co_window_paths_d, glass_columns_b, glass_columns_c, glass_columns_a,
          glass_columns_a
D:5:      cheibrodos_helix_gallery, layout_basic, dancing_weapons_uskayaw,
          minmay_misc_feat_nine_boxes
D:6:      nicolae_cairo_tiling, layout_gridville, dreamdust_gnoll_farm,
          uniq_sigmund
D:7:      layout_loops_ring, enter_ossuary_1, minmay_hedge_maze, st_stairs_14,
          minmay_three_doors
D:8:      layout_layer_cave
D:9:      layout_loops_ring, special_room [special_room_bee]
D:10:     layout_basic, lair_entry_dummy, hangedman_abyss_or_decor_stagger,
          uniq_snorg

Skill      XL: |  1  2  3  4  5  6  7  8  9 10 11 |
---------------+----------------------------------+-----
Axes           | 4 5 7 8 10 12 14 | 14.7
Armour         | 2 3 4 |  4.6
Dodging        | 2 3 4 |  4.1
Fighting       | 4 5 6 7 |  7.3
Evocations     | 1 2 |  2.1

Action                   |  1- 3 |  4- 6 |  7- 9 | 10-12 || total
-------------------------+-------+-------+-------+-------++-------
Melee: Hand axe          |    82 |   211 |     1 |       ||   294
       Punch             |     1 |       |     1 |       ||     2
       Tailslap          |     6 |    17 |    34 |    17 ||    74
       War axe           |       |       |   327 |       ||   327
       Executioner's axe |       |       |     4 |   153 ||   157
Invok: Berserk           |     1 |     3 |     7 |       ||    11
       Trog's Hand       |       |     1 |     3 |     1 ||     5
 Abil: Rolling Charge    |       |       |     1 |       ||     1
  Use: Scroll            |       |     6 |    19 |     2 ||    27
       Potion            |       |       |       |     1 ||     1
Armor: Animal skin       |     7 |       |       |       ||     7
       Scale mail        |    22 |    98 |       |       ||   120
       Leather armour    |       |       |   187 |   148 ||   335
Dodge: Dodged            |    37 |    80 |   120 |    85 ||   322

Table legend: (Time is in decaauts)
 A = Elapsed time spent in this place.
 B = Non-inter-level travel time spent in this place.
 C = Inter-level travel time spent in this place.
 D = Time resting spent in this place.
 E = Time spent auto-exploring this place.
 F = Levels seen in this place.
 G = Mean time per level.
                   A        B        C        D        E       F      G
               +--------+--------+--------+--------+--------+-----+--------+
         Total |  13521 |  12192 |   1329 |      0 |  10488 |  12 | 1126.8 |
       Dungeon |  12616 |  11287 |   1329 |      0 |   9897 |  10 | 1261.6 |
         Sewer |    662 |    662 |      0 |      0 |    470 |   1 |  662.0 |
       Ossuary |    242 |    242 |      0 |      0 |    120 |   1 |  242.0 |
               +--------+--------+--------+--------+--------+-----+--------+

Top non-repeatable levels by time:
     D:4: 2246 daAuts
     D:8: 1771 daAuts
     D:6: 1461 daAuts
     D:7: 1393 daAuts
     D:1: 1289 daAuts
     D:9: 1247 daAuts
     D:2: 1177 daAuts
     D:5: 936 daAuts
     D:3: 844 daAuts
   Sewer: 662 daAuts
    D:10: 248 daAuts
 Ossuary: 242 daAuts
